 Dungeon Crawl Stone Soup version 0.16.1-2-g95b8d4c (webtiles) character file.

5898 RobertPalmer the Covert (level 10, -1/60 HPs)
             Began as an Octopode Warper on Mar 26, 2015.
             Was a Believer of Ashenzari.
             Slain by a sheep (8 damage)
             ... on level 1 of the Lair of Beasts.
             The game lasted 00:32:42 (14721 turns).

RobertPalmer the Covert (Octopode Warper)          Turns: 14721, Time: 00:32:42

Health: -1/60      AC:  2    Str: 15    XL:     10   Next: 82%
Magic:  16/16      EV: 16    Int: 15    God:    Ashenzari [**....]
Gold:   217        SH:  0    Dex: 14    Spells: 3 memorised, 6 levels left

rFire  . . .     SeeInvis +     a - +2 dagger (venom)
rCold  . . .     Clarity  .     (no shield)
rNeg   . . .     SustAb   .     t - +1 hat
rPois  .         Gourm    .     (no amulet)
rElec  .         Spirit   .     x - +3 ring of strength (curse)
rCorr  .         Warding  .     N - ring of see invisible (curse) {sInv, !d}
rMut   .         Stasis   .     (no ring)
MR     .....                    (no ring)
Stlth  ++++++++..               (no ring)
                                (no ring)
                                (no ring)
                                (no ring)

@: repel missiles, drained, not resistant to hostile enchantments,
extraordinarily stealthy
A: almost no armour, amphibious, 8 rings, constrict 8, camouflage 1, gelatinous
body 1
a: Renounce Religion


You were on level 1 of the Lair of Beasts.
You worshipped Ashenzari.
Ashenzari was pleased with you.
You were not hungry.

You visited 2 branches of the dungeon, and saw 10 of its levels.

You collected 367 gold pieces.

Inventory:

Hand weapons
 a - a +2 dagger of venom (weapon)
   (You took it off an orc wizard on level 8 of the Dungeon)
Missiles
 e - 5 tomahawks of dispersal {=f}
 h - a throwing net (quivered) {=f, !d}
 i - 6 poisoned needles
Armour
 t - a +1 hat (worn)
   (You found it on level 3 of the Dungeon)
Jewellery
 j - an uncursed ring of ice {rC+, rF-}
   (You found it on level 3 of the Dungeon)
 x - a cursed +3 ring of strength (left tentacle)
   (You found it on level 5 of the Dungeon)
 H - an uncursed ring of fire {rF+, rC-}
   (You found it on level 8 of the Dungeon)
 N - a cursed ring of see invisible (right tentacle) {sInv, !d}
   (You found it on level 7 of the Dungeon)
Magical devices
 k - a wand of slowing (7)
   (You found it on level 3 of the Dungeon)
 w - a wand of draining (0)
   (You found it on level 4 of the Dungeon)
 K - a wand of cold (0)
   (You found it on level 6 of the Dungeon)
 O - a wand of invisibility (1)
   (You found it on level 8 of the Dungeon)
Scrolls
 d - a scroll of blinking {!r}
 g - 2 scrolls of enchant weapon
 p - a scroll of teleportation
 q - a scroll of curse jewellery
 y - 2 scrolls of fog
 E - 7 scrolls of identify
 L - 2 scrolls of magic mapping {!r}
 M - a scroll of remove curse
Potions
 l - 2 potions of resistance {unknown}
 m - a potion of heal wounds {unknown}
 n - a potion of magic
 r - a potion of cure mutation {unknown}
 u - a potion of brilliance {unknown}
 v - a potion of mutation {!q}
 z - 2 potions of poison {unknown}
 B - a potion of restore abilities {unknown}
 C - 3 potions of agility {unknown}
 D - 3 potions of curing
 F - 3 potions of haste {unknown}
 G - 2 potions of berserk rage {unknown}
 J - a potion of cancellation
Books
 c - a book of Spatial Translocations
 s - a book of Minor Magic
   (You found it on level 3 of the Dungeon)
Comestibles
 b - 3 royal jellies
 f - 12 bread rations {@e1}
 o - 5 meat rations {@e2}
 A - 7 fruits
 I - a chunk of flesh {@w0}
 P - a beef jerky


   Skills:
 - Level 2.0(1.9) Fighting
 - Level 5.0 Short Blades
 - Level 1.0(0.9) Throwing
 - Level 7.4 Dodging
 + Level 14.0 Stealth
 - Level 2.0(1.9) Spellcasting
 - Level 3.0(2.9) Translocations
 - Level 8.5 Air Magic


You had 6 spell levels left.
You knew the following spells:

 Your Spells              Type           Power        Failure   Level  Hunger
b - Blink                 Tloc           N/A          12%         2    ###....
d - Repel Missiles        Chrm/Air       ##....       8%          2    ###....
x - Mephitic Cloud        Conj/Pois/Air  ##......     24%         3    ####...


Dungeon Overview and Level Annotations

Branches:
Dungeon (9/15)             Temple (0/1) D:7            Lair (1/8) D:9
    Orc: D:9-12

Altars:
Ashenzari
Dithmenos
Elyvilon
Fedhas
Gozag
Qazlal
Ru
Sif Muna
Trog
The Shining One

Annotations:
D:1 exclusion: downstairs
D:4 karlm's ghost, average HESk


Innate Abilities, Weirdness & Mutations

You cannot wear most types of armour.
You are amphibious.
You can wear up to eight rings at the same time.
You can use your tentacles to constrict many enemies at once.
Your skin changes colour to match your surroundings (Stealth).
Your rubbery body absorbs attacks (AC +1).


Message History

The sheep closely misses you.
You take 3 damage, and have 42/60 hp.
You feel sick.
You take 1 damage, and have 41/60 hp.
You kill the sheep!
The water moccasin closely misses you.
You feel sick. The water moccasin misses you.
You feel sick. The sheep misses you.
You take 1 damage, and have 40/60 hp.
You feel sick. The water moccasin bites you!
You take 9 damage, and have 31/60 hp.
You feel sick. The water moccasin barely misses you.
You take 1 damage, and have 31/60 hp.
You are too injured to fight recklessly!
You are too injured to fight recklessly!
You are too injured to fight recklessly!
You hit the water moccasin. Your grab misses the water moccasin.
The water moccasin completely misses you.
You closely miss the water moccasin. You grab the water moccasin.
You constrict the water moccasin. The water moccasin bites you.
The sheep bites the plant but does no damage.
You take 4 damage, and have 27/60 hp.
You hit the water moccasin but do no damage.
You squeeze the water moccasin, but do no damage.
You constrict the water moccasin.
You feel sick. The water moccasin bites you.
You take 4 damage, and have 23/60 hp.
You completely miss the water moccasin. You squeeze the water moccasin.
You constrict the water moccasin. The water moccasin bites you.
The water moccasin bites you.
* * * LOW HITPOINT WARNING * * *
You take 7 damage, and have 16/60 hp.
You hit the water moccasin. You squeeze the water moccasin.
You constrict the water moccasin. The water moccasin closely misses you.
Unknown command.
You hit the water moccasin. You constrict the water moccasin.
You hit the water moccasin.
You kill the water moccasin!
Your base Stealth skill increases to level 14!
You barely miss the sheep. You grab the sheep. You squeeze the sheep!
You constrict the sheep. The sheep misses you.
You hit the sheep. You constrict the sheep.
You feel sick.
The sheep bites the plant!
You take 1 damage, and have 15/60 hp.
You hit the sheep.
You kill the sheep!
The sheep barely misses you.
You see here a sheep corpse.
Unknown command.
You hit the sheep.
The sheep is poisoned.
You grab the sheep.
You squeeze the sheep, but do no damage.
You constrict the sheep.
You feel sick. The sheep completely misses you.
You take 1 damage, and have 15/60 hp.
You hit the sheep.
The sheep looks even sicker.
You squeeze the sheep. You constrict the sheep.
You kill the sheep!
You hit the sheep.
The sheep is poisoned.
Your grab misses the sheep. Your squeeze misses the sheep.
The sheep bites you but does no damage.
You hit the sheep.
The sheep looks even sicker.
You grab the sheep.
You constrict the sheep, but do no damage.
The sheep completely misses you.
You hit the sheep. You constrict the sheep. The sheep bites you.
* * * LOW HITPOINT WARNING * * *
You take 3 damage, and have 13/60 hp.
You are too injured to fight recklessly!
You are too injured to fight recklessly!
You hit the sheep. You constrict the sheep.
You kill the sheep!
You hit the sheep. You grab the sheep. You constrict the sheep.
You feel sick.
You are no longer poisoned.
The sheep bites you.
* * * LOW HITPOINT WARNING * * *
You take 3 damage, and have 10/60 hp.
You hit the sheep.
The sheep is poisoned.
You squeeze the sheep. You constrict the sheep. You hit the sheep.
You squeeze the sheep.
You kill the sheep!
You barely miss the sheep. Your grab misses the sheep. The sheep bites you.
* * * LOW HITPOINT WARNING * * *
You take 5 damage, and have 5/60 hp.
You completely miss the sheep. You grab the sheep. You constrict the sheep.
The sheep closely misses you.
Unknown command.
You release your grip on the sheep.
A river rat comes into view.
Drink which item? (? for menu, Esc to quit)
Okay, then.
Read which item? (? for menu, Esc to quit)
Okay, then.
Drink which item? (? for menu, Esc to quit)
Okay, then.
Quiver which item? (- for none, * to show all) (? for menu, Esc to quit)
Quivering
h - 2 throwing nets {=f, !d} for throwing.
Aim: a sheep (lightly wounded)
You throw a throwing net {=f, !d}.
The throwing net {=f, !d} barely misses the sheep. x2
The throwing net {=f, !d} hits the sheep.
The sheep is caught in the net!
The sheep struggles to escape the net.
The sheep bites you!
You die...

, , , , ##.r , * * ...
..., * , .. , , , .# *
##.# * , * #..# , * * #@#
#.. , *#Y# #.# , *,, ##.#
#.# # * #.Y# #.## * ,
##Y# #..### , #†##
##....# # #... #..#
#.....## #
....*##.####......## ## ,
.....##..P##........####.


You could see 3 sheep and a river rat.

Vanquished Creatures
  A merfolk (D:7)
  A wyvern (D:8)
  A spriggan (D:7)
  2 hippogriffs
  Eustachio (D:8)
  6 yaks (D:9)
  A water moccasin (Lair:1)
  An orc warrior (D:7)
  An ice beast (D:7)
  A black bear (D:4)
  6 centaurs
  6 ogres
  3 phantoms
  A big kobold (D:7)
  3 giant frogs
  7 jellies
  3 killer bees (D:7)
  4 scorpions
  9 wights
  2 goliath beetles (D:6)
  A crimson imp (D:7)
  2 giant frog zombies
  3 giant frog skeletons
  4 iguanas
  2 orc priests (D:4)
  6 orc wizards
  5 hounds
  4 gnoll shamans (D:7)
  6 worker ants
  5 sheep (Lair:1)
  A hound skeleton (D:8)
  9 gnolls
  8 adders
  2 shadow imps
  A giant mite (D:9)
  4 worms
  An adder skeleton (D:4)
  4 giant geckos
  An ooze (D:6)
  26 orcs
  8 giant cockroaches
  17 goblins
  10 hobgoblins
  15 bats
  2 giant gecko skeletons
  13 giant newts
  6 jackals
  17 kobolds
  12 rats
  4 fungi (D:7)
259 creatures vanquished.

Vanquished Creatures (collateral kills)
  A hungry ghost (D:6)
  A hippogriff (D:7)
  An ogre (D:7)
3 creatures vanquished.

Vanquished Creatures (others)
  A naga mage (D:7)
  A quokka (D:2)
  A fungus (D:7)
  A plant (D:7)
4 creatures vanquished.

Grand Total: 266 creatures vanquished

Notes
Turn   | Place    | Note
--------------------------------------------------------------
     0 | D:1      | RobertPalmer, the Octopode Warper, began the quest for the Orb.
     0 | D:1      | Reached XP level 1. HP: 14/14 MP: 3/3
    42 | D:1      | Reached skill level 1 in Stealth
    47 | D:1      | Reached XP level 2. HP: 13/19 MP: 4/4
   253 | D:1      | Reached skill level 2 in Stealth
   265 | D:1      | HP: 4/19 [kobold (4)]
   558 | D:1      | Reached XP level 3. HP: 24/24 MP: 6/6
   906 | D:2      | Found a blossoming altar of Fedhas.
   924 | D:2      | Found a glowing golden altar of the Shining One.
   933 | D:2      | Reached skill level 3 in Short Blades
  1118 | D:2      | Found a white marble altar of Elyvilon.
  1146 | D:2      | Reached skill level 3 in Stealth
  1524 | D:2      | Reached XP level 4. HP: 21/29 MP: 7/7
  1938 | D:2      | Found a deep blue altar of Sif Muna.
  2293 | D:2      | Learned a level 3 spell: Mephitic Cloud
  2296 | D:2      | Learned a level 2 spell: Blink
  2349 | D:2      | HP: 4/29 [orc/flail (6)]
  2773 | D:2      | Reached skill level 4 in Short Blades
  2773 | D:2      | Reached XP level 5. HP: 22/34 MP: 9/9
  3285 | D:3      | Found a shattered altar of Ashenzari.
  3302 | D:3      | Became a worshipper of Ashenzari the Shackled
  3303 | D:3      | Found an opulent altar of Gozag.
  3565 | D:3      | Reached skill level 5 in Short Blades
  3591 | D:3      | Reached skill level 4 in Stealth
  3844 | D:3      | Learned a level 2 spell: Repel Missiles
  4209 | D:4      | Reached XP level 6. HP: 39/39 MP: 10/10
  4274 | D:4      | Noticed an ogre
  4277 | D:4      | Killed an ogre
  4277 | D:4      | Reached skill level 5 in Stealth
  4295 | D:4      | Reached skill level 6 in Stealth
  4486 | D:4      | Reached skill level 7 in Stealth
  4486 | D:4      | Reached XP level 7. HP: 40/45 MP: 12/12
  4563 | D:4      | Noticed a black bear
  4568 | D:4      | Killed a black bear
  4568 | D:4      | Reached skill level 8 in Stealth
  4775 | D:4      | Noticed a moth of wrath
  4777 | D:4      | Found a bloodstained altar of Trog.
  4777 | D:4      | Noticed karlm's ghost (average HESk)
  4857 | D:5      | Entered Level 5 of the Dungeon
  5034 | D:5      | Reached skill level 9 in Stealth
  5627 | D:5      | Reached skill level 10 in Stealth
  5627 | D:5      | Reached XP level 8. HP: 50/50 MP: 13/13
  5732 | D:6      | Reached skill level 1 in Air Magic
  5771 | D:6      | Reached skill level 2 in Air Magic
  5792 | D:6      | Reached skill level 3 in Air Magic
  5809 | D:6      | Found a shadowy altar of Dithmenos.
  5845 | D:6      | Reached skill level 4 in Air Magic
  6260 | D:6      | Reached skill level 5 in Air Magic
  6295 | D:6      | Found a sacrificial altar of Ru.
  6657 | D:7      | Reached skill level 6 in Air Magic
  6718 | D:7      | Reached XP level 9. HP: 54/54 MP: 14/14
  6861 | D:7      | Found a staircase to the Ecumenical Temple.
  6964 | D:7      | Reached skill level 7 in Air Magic
  8079 | D:7      | Reached skill level 8 in Air Magic
  8153 | D:7      | HP: 11/54 [ogre/giant club (24)]
  8538 | D:7      | HP: 6/54 [ogre/giant club (20)]
  9029 | D:7      | HP: 10/54 [ogre/giant club (27)]
  9338 | D:7      | HP: 13/54 [poisoned by Negequnis]
  9720 | D:6      | Hired Trorovub the naga for 150 gold.
  9731 | D:6      | Reached skill level 3 in Dodging
  9751 | D:7      | Reached skill level 4 in Dodging
  9884 | D:7      | Your ally Trorovub died
 10552 | D:7      | Reached skill level 5 in Dodging
 10938 | D:7      | Reached skill level 6 in Dodging
 11373 | D:8      | Reached XP level 10. HP: 22/60 MP: 16/16
 11693 | D:8      | Reached skill level 7 in Dodging
 12173 | D:8      | Noticed Eustachio
 12291 | D:8      | Reached skill level 11 in Stealth
 12300 | D:8      | Found a shattered altar of Ashenzari.
 12344 | D:8      | Identified a scroll of acquirement
 12345 | D:8      | Got the cursed great sword of the Coin {freeze, rC+ rN+ MR- Dex+4}
 12817 | D:8      | Killed Eustachio
 13127 | D:9      | HP: 14/60 [phantom (7)]
 13149 | D:9      | Reached skill level 12 in Stealth
 13490 | D:9      | HP: 15/60 [centaur (8)]
 13494 | D:9      | HP: 7/60 [centaur (1)]
 13893 | D:9      | Reached skill level 13 in Stealth
 14411 | D:9      | Found a stormy altar of Qazlal.
 14437 | D:9      | Found a staircase to the Lair.
 14464 | Lair:1   | Entered Level 1 of the Lair of Beasts
 14665 | Lair:1   | Acquired Ashenzari's first power
 14700 | Lair:1   | Reached skill level 14 in Stealth
 14702 | Lair:1   | HP: 15/60 [poisoned by a water moccasin]
 14710 | Lair:1   | HP: 13/60 [sheep (3)]
 14715 | Lair:1   | HP: 5/60 [sheep (5)]
 14721 | Lair:1   | Slain by a sheep

Action                   |  1- 3 |  4- 6 |  7- 9 | 10-12 || total
-------------------------+-------+-------+-------+-------++-------
Melee: Short sword       |    73 |    19 |       |       ||    92
       Dagger            |       |   134 |   400 |   208 ||   742
Throw: Throwing net      |       |       |       |     1 ||     1
 Cast: Blink             |       |     2 |     3 |       ||     5
       Mephitic Cloud    |       |       |     7 |    11 ||    18
       Repel Missiles    |       |       |       |     1 ||     1
Evoke: Wand              |       |     2 |    12 |     3 ||    17
       Deck              |       |       |     8 |       ||     8
  Use: Potion            |       |     5 |     3 |       ||     8
       Scroll            |       |     6 |     6 |     4 ||    16
 Stab: Sleeping          |    10 |    17 |    21 |    16 ||    64
       Distracted        |       |     1 |     2 |       ||     3
       Confused          |       |       |     2 |     8 ||    10
       Invisible         |       |       |     1 |     2 ||     3
  Eat: Chunk             |     2 |     8 |    16 |    13 ||    39
       Beef jerky        |       |     1 |     3 |       ||     4
       Pizza             |       |       |     1 |       ||     1

Vault maps used:
D:1:      minmay_arrival_arboretum_small
D:2:      wad_lake_hut, elyvilon_altar_4, lemuel_coloured_pillars_altar,
          nicolae_overflow_hidden_temple, fedhas_altar_2, first_bread,
          tso_metal_star
D:3:      lemuel_crystal_altar, evilmike_ruin_ashenzari
D:4:      black_bear_nest_1, tgw_trog, corner_web_ring
D:5:      kennysheep_generic_room_3
D:6:      lemuel_crystal_altar, serial_park_tiny_1,
          nicolae_dithmenos_shadow_blocks
D:7:      kennysheep_seaside_town, kennysheep_big_empty_room, the_bakery
D:8:      basic_altar, uniq_eustachio
D:9:      lemuel_round_altar, nicolae_qazlal_general_emergency
Lair:1:   beast_lair_carwin_9, grunt_megastairs_2

Table legend:
 A = Turns spent in this place as a percentage of turns spent in the entire game.
 B = Non-inter-level travel turns spent in this place as a percentage of non-inter-level travel turns spent in the entire game.
 C = Inter-level travel turns spent in this place as a percentage of turns spent in this place.
 D = Turns resting spent in this place as a percentage of non-inter-level travel turns spent in this place.
 E = Turns spent auto-exploring this place as a percentage of non-inter-level travel turns spent in this place.
 F = Non-inter-level travel turns spent in this place divided by the number of levels of this place that you've seen.
                   A       B       C       D       E      F
               +-------+-------+-------+-------+-------+----------------------
         Total | 100.0 | 100.0 |   0.3 |   3.2 |   4.1 | 513.5
       Dungeon |  98.1 |  98.1 |   0.3 |   3.2 |   4.1 | 559.4
          Lair |   1.9 |   1.9 |   0.0 |   0.0 |   6.0 | 100.0
               +-------+-------+-------+-------+-------+----------------------

Table legend:
 A = Kills in this place as a percentage of kills in entire the game.
 B = Kills by you in this place as a percentage of kills by you in the entire game.
 C = Kills by friends in this place as a percentage of kills by friends in the entire game.
 D = Other kills in this place as a percentage of other kills in the entire game.
 E = Experience gained in this place as a percentage of experience gained in the entire game.
 F = Experience gained in this place divided by the number of levels of this place that you have seen.
                   A       B       C       D       E      F
               +-------+-------+-------+-------+-------+----------------------
         Total | 100.0 | 100.0 | 100.0 | 100.0 | 100.0 | 842.6
       Dungeon |  96.5 |  96.4 | 100.0 | 100.0 |  93.5 | 875.4
          Lair |   3.5 |   3.6 |   0.0 |   0.0 |   6.5 | 547.0
               +-------+-------+-------+-------+-------+----------------------
